[Event "European Womens-ch 2025"]
[Site "Rhodes"]
[Date "2025.04.09"]
[Round "9.20"]
[White "Sandu, Mihaela"]
[Black "Brunello, Marina"]
[Result "0-1"]
[Annotator "ChessBase"]
[ECO "B12"]
[WhiteElo "2230"]
[BlackElo "2330"]
[PlyCount "66"]
[EventDate "2025.03.29"]
[EventType "swiss"]
[EventCountry "GRE"]
[SourceTitle "playchess.com"]
[Source "ChessBase"]
[SourceQuality "1"]
[TimeControl "40/5400+30:1800+30"]

1. e4 c6 2. d4 d5 3. e5 Bf5 4. Nf3 e6 5. Be2 c5 6. Be3 cxd4 7. Nxd4 Ne7 8. Bb5+ Nd7 9. c4 a6 10. Bxd7+ Qxd7 11. Nc3 dxc4 12. Nxf5 Nxf5 13. O-O Qc6 14. Qg4 Be7 15. Ne4 O-O 16. Rac1 b5 17. b3 Rac8 18. Bd2 Rfd8 19. bxc4 bxc4 20. Rfe1 Rd3 21. h4 Bxh4 22. Bg5 Bxg5 23. Qxg5 h6 24. Qg4 c3 25. Rc2 Qb5 26. Nf6+ Kh8 27. Nh5 Rd2 28. Qe4 Rxc2 29. Qxc2 Qb2 30. Qc1 Qxa2 31. g4 Nd4 32. Qf4 Ne2+ 33. Rxe2 Qxe2 0-1

[Event "European Womens-ch 2025"]
[Site "Rhodes"]
[Date "2025.04.09"]
[Round "9.21"]
[White "Jarocka, Liwia"]
[Black "Zawadzka, Jolanta"]
[Result "0-1"]
[Annotator "ChessBase"]
[ECO "B46"]
[WhiteElo "2231"]
[BlackElo "2326"]
[PlyCount "102"]
[EventDate "2025.03.29"]
[EventType "swiss"]
[EventCountry "GRE"]
[SourceTitle "playchess.com"]
[Source "ChessBase"]
[SourceQuality "1"]
[TimeControl "40/5400+30:1800+30"]

1. e4 c5 2. Nf3 e6 3. d4 cxd4 4. Nxd4 Nc6 5. Nc3 a6 6. Nxc6 bxc6 7. Bd3 d5 8. O-O Nf6 9. Qf3 Be7 10. Qg3 O-O 11. e5 Ne8 12. Ne2 g6 13. f4 Ng7 14. b3 a5 15. Kh1 c5 16. c4 a4 17. Rb1 axb3 18. axb3 Ba6 19. cxd5 Qxd5 20. Bxa6 Rxa6 21. Qc3 Rd8 22. Be3 Nf5 23. Bf2 Ra2 24. Qe1 Rc2 25. Ng3 Nxg3+ 26. hxg3 Ra8 27. Qe3 Rd2 28. Ra1 Rxa1 29. Rxa1 Rd3 30. Qe2 Qxb3 31. g4 Qd5 32. Be1 Bh4 33. Qxd3 Qxd3 34. Bxh4 Qd5 35. Rb1 f5 36. Rb8+ Kf7 37. Rd8 Qc6 38. Rh8 g5 39. Bxg5 fxg4 40. Rxh7+ Kg6 41. Rh6+ Kf5 42. Rf6+ Ke4 43. f5 Qa4 44. fxe6 Qa1+ 45. Kh2 Qxe5+ 46. Rf4+ Kd3 47. e7 Qxg5 48. e8=Q Qxf4+ 49. g3 Qf2+ 50. Kh1 Qf1+ 51. Kh2 Qe2+ 0-1

[Event "European Womens-ch 2025"]
[Site "Rhodes"]
[Date "2025.04.09"]
[Round "9.22"]
[White "Antolak, Julia"]
[Black "Karacsonyi, Kata"]
[Result "1/2-1/2"]
[Annotator "ChessBase"]
[ECO "B56"]
[WhiteElo "2314"]
[BlackElo "2198"]
[PlyCount "47"]
[EventDate "2025.03.29"]
[EventType "swiss"]
[EventCountry "GRE"]
[SourceTitle "playchess.com"]
[Source "ChessBase"]
[SourceQuality "1"]
[TimeControl "40/5400+30:1800+30"]

1. e4 c5 2. Nf3 d6 3. d4 Nf6 4. Nc3 cxd4 5. Nxd4 e5 6. Nde2 Be6 7. g3 Be7 8. Bg2 O-O 9. O-O Na6 10. b3 Nc5 11. h3 Qd7 12. Kh2 b5 13. a3 a5 14. Be3 Rfc8 15. f4 Qb7 16. Nd5 Bxd5 17. exd5 e4 18. Qd2 Qxd5 19. Qxd5 Nxd5 20. Bxc5 Rxc5 21. Bxe4 Re8 22. Bxd5 Rxd5 23. Rad1 Rc5 24. Rd2 1/2-1/2

[Event "European Womens-ch 2025"]
[Site "Rhodes"]
[Date "2025.04.09"]
[Round "9.23"]
[White "Rodshtein, Tereza"]
[Black "Zhukova, Natalia"]
[Result "0-1"]
[Annotator "ChessBase"]
[ECO "B22"]
[WhiteElo "2171"]
[BlackElo "2306"]
[PlyCount "64"]
[EventDate "2025.03.29"]
[EventType "swiss"]
[EventCountry "GRE"]
[SourceTitle "playchess.com"]
[Source "ChessBase"]
[SourceQuality "1"]
[TimeControl "40/5400+30:1800+30"]

1. e4 e6 2. d4 d5 3. exd5 exd5 4. Bd3 c5 5. c3 Nf6 6. Nf3 c4 7. Be2 Be7 8. b3 cxb3 9. axb3 O-O 10. O-O Nc6 11. c4 Bf5 12. Nc3 Nb4 13. Ne1 Re8 14. Bb2 a6 15. Nd3 dxc4 16. Nxb4 Bxb4 17. bxc4 Rc8 18. Rc1 Qd7 19. Bd3 Bd6 20. h3 Bb8 21. Ne2 Bxh3 22. Ng3 Bg4 23. Qd2 Nh5 24. Nxh5 Bxh5 25. Qg5 Bg6 26. Bxg6 hxg6 27. d5 Re4 28. c5 Bf4 29. Qh4 Bxc1 30. Qxe4 Bxb2 31. Rb1 Ba3 32. c6 bxc6 0-1

[Event "European Womens-ch 2025"]
[Site "Rhodes"]
[Date "2025.04.09"]
[Round "9.24"]
[White "Zherebtsova, Alexandra"]
[Black "Unuk, Laura"]
[Result "1-0"]
[Annotator "ChessBase"]
[ECO "A63"]
[WhiteElo "2229"]
[BlackElo "2301"]
[PlyCount "99"]
[EventDate "2025.03.29"]
[EventType "swiss"]
[EventCountry "GRE"]
[SourceTitle "playchess.com"]
[Source "ChessBase"]
[SourceQuality "1"]
[TimeControl "40/5400+30:1800+30"]

1. d4 Nf6 2. c4 e6 3. g3 c5 4. d5 d6 5. Nc3 exd5 6. cxd5 g6 7. Bg2 Bg7 8. Nf3 O-O 9. O-O Re8 10. Re1 a6 11. a4 Nbd7 12. Bf4 Ng4 13. h3 Nge5 14. Ne4 Nxf3+ 15. exf3 Ne5 16. Bg5 f6 17. Bc1 Bf5 18. Ra3 Bxe4 19. fxe4 c4 20. Bf1 b5 21. Bd2 Qb6 22. Be3 Qb7 23. Bd4 b4 24. Rae3 Rac8 25. f4 Nd7 26. Qd2 a5 27. Kh2 Nb6 28. Qc2 f5 29. Bxg7 Qxg7 30. exf5 Rxe3 31. Rxe3 c3 32. bxc3 Nxd5 33. Qb3 Qf7 34. Re6 Nxc3 35. fxg6 hxg6 36. Bd3 d5 37. Rxg6+ Kf8 38. Qc2 Re8 39. f5 Re3 40. Qf2 Qe7 41. Qf4 Re2+ 42. Kh1 Re1+ 43. Kg2 Qc5 44. Qh6+ Ke8 45. Qh8+ Kd7 46. Rg7+ Re7 47. f6 Rxg7 48. Qxg7+ Kc6 49. f7 Qe3 50. Qg6+ 1-0

[Event "European Womens-ch 2025"]
[Site "Rhodes"]
[Date "2025.04.09"]
[Round "9.25"]
[White "Heinemann, Josefine"]
[Black "Ibrahimova, Sabina"]
[Result "1/2-1/2"]
[Annotator "ChessBase"]
[ECO "C43"]
[WhiteElo "2297"]
[BlackElo "2199"]
[PlyCount "77"]
[EventDate "2025.03.29"]
[EventType "swiss"]
[EventCountry "GRE"]
[SourceTitle "playchess.com"]
[Source "ChessBase"]
[SourceQuality "1"]
[TimeControl "40/5400+30:1800+30"]

1. e4 e5 2. Nf3 Nf6 3. d4 Nxe4 4. Bd3 d5 5. Nxe5 Nd7 6. Nc3 Nxe5 7. dxe5 Bb4 8. O-O Nxc3 9. bxc3 Bxc3 10. Rb1 O-O 11. Bxh7+ Kxh7 12. Qd3+ Kg8 13. Qxc3 a5 14. Qg3 Ra6 15. Bg5 Qd7 16. f4 Qf5 17. Rb3 Rg6 18. Qf2 f6 19. exf6 gxf6 20. Bh4 d4 21. Re1 Bd7 22. Qxd4 Bc6 23. Bg3 Qxc2 24. Rb2 Qf5 25. Rd2 Rg7 26. Qc4+ Kh8 27. Red1 Re8 28. Qc3 Kh7 29. Rc1 Rge7 30. Qc5 Qxc5+ 31. Rxc5 Re2 32. Rcc2 Rxd2 33. Rxd2 Kg6 34. f5+ Kxf5 35. Bxc7 a4 36. a3 Rg8 37. g3 Re8 38. Kf2 Kg6 39. Re2 1/2-1/2

[Event "European Womens-ch 2025"]
[Site "Rhodes"]
[Date "2025.04.09"]
[Round "9.26"]
[White "Yao, Lan"]
[Black "Eric, Jovana"]
[Result "1-0"]
[Annotator "ChessBase"]
[ECO "C02"]
[WhiteElo "2294"]
[BlackElo "2147"]
[PlyCount "133"]
[EventDate "2025.03.29"]
[EventType "swiss"]
[EventCountry "GRE"]
[SourceTitle "playchess.com"]
[Source "ChessBase"]
[SourceQuality "1"]
[TimeControl "40/5400+30:1800+30"]

1. e4 e6 2. d4 d5 3. e5 c5 4. c3 Nc6 5. Nf3 Qb6 6. Bd3 cxd4 7. O-O Bd7 8. Re1 Nge7 9. h4 h6 10. Nbd2 Nf5 11. Nb3 Be7 12. Bxf5 exf5 13. Nbxd4 Nxd4 14. Nxd4 O-O 15. Be3 Qg6 16. Nf3 Qg4 17. g3 Rfd8 18. Nd4 Qxd1 19. Raxd1 Be6 20. Rd2 a6 21. Red1 Rac8 22. Ne2 g5 23. hxg5 hxg5 24. Bb6 Re8 25. Nd4 Kg7 26. Kg2 Rh8 27. Rh1 Rxh1 28. Kxh1 Kg6 29. Kg2 Rc4 30. Rd1 Rc8 31. Rh1 Bd7 32. f4 g4 33. Kf2 Be6 34. Ke3 Kg7 35. Kd3 Kg6 36. a4 Bd7 37. b3 Be6 38. Nc2 Rc6 39. Bd4 Rc8 40. Ne3 Kg7 41. Bb6 Kg6 42. Nc2 Rc6 43. a5 Rc8 44. Rh2 Kg7 45. Ne3 Kg6 46. Kd4 Bd8 47. Bxd8 Rxd8 48. Rh1 Rc8 49. Nc2 Rd8 50. Nb4 Rc8 51. Rh2 Rd8 52. Nd3 Bd7 53. Rh1 Rc8 54. Re1 Rc7 55. Nb4 Be6 56. Re3 Rd7 57. Rd3 Kg7 58. Kc5 Rc7+ 59. Kb6 Rd7 60. c4 d4 61. Nc2 f6 62. exf6+ Kxf6 63. Rxd4 Rh7 64. Nb4 Rh3 65. Rd3 Rh7 66. Nd5+ Kg6 67. Nc7 1-0

[Event "European Womens-ch 2025"]
[Site "Rhodes"]
[Date "2025.04.09"]
[Round "9.27"]
[White "Abdinova, Narmin"]
[Black "Zimina, Olga"]
[Result "1-0"]
[Annotator "ChessBase"]
[ECO "E08"]
[WhiteElo "2165"]
[BlackElo "2293"]
[PlyCount "135"]
[EventDate "2025.03.29"]
[EventType "swiss"]
[EventCountry "GRE"]
[SourceTitle "playchess.com"]
[Source "ChessBase"]
[SourceQuality "1"]
[TimeControl "40/5400+30:1800+30"]

1. d4 Nf6 2. c4 e6 3. g3 d5 4. Nf3 Be7 5. Bg2 O-O 6. O-O c6 7. Qc2 b6 8. b3 Nbd7 9. Rd1 h6 10. Nbd2 Bb7 11. e4 dxe4 12. Nxe4 c5 13. Nxf6+ Bxf6 14. Bb2 cxd4 15. Bxd4 Qc7 16. Rd2 Bxd4 17. Rxd4 a5 18. Rad1 Nc5 19. Qe2 Rad8 20. Qe5 Qc8 21. Qe3 Qa8 22. Nh4 Rxd4 23. Qxd4 Rc8 24. Qd6 Bxg2 25. Nxg2 Qf3 26. Ne1 Qe2 27. Qd2 Qe4 28. Qd4 Qe2 29. Qd2 Qh5 30. Kg2 Ne4 31. Qd4 b5 32. Nf3 Nf6 33. Qb6 bxc4 34. bxc4 Kh7 35. Qb1+ Kg8 36. Qb7 Rxc4 37. Rd8+ Kh7 38. Qb8 Re4 39. Nh4 Rxh4 40. gxh4 e5 41. Rh8+ Kg6 42. Qb1+ e4 43. Qb3 Nd5 44. Qg3+ Kf5 45. h3 Qe2 46. Qg4+ Qxg4+ 47. hxg4+ Kxg4 48. Ra8 e3 49. fxe3 Nxe3+ 50. Kf2 Nc4 51. Rd8 Ne5 52. Rd5 Kf4 53. Rxa5 g5 54. Ra4+ Kf5 55. h5 g4 56. Kg3 f6 57. Rf4+ Kg5 58. Re4 Nd3 59. Rxg4+ Kxh5 60. Rd4 Nc1 61. Rd5+ Kg6 62. a4 Ne2+ 63. Kf3 Nc3 64. Rd4 Kf5 65. a5 Ke5 66. Rc4 Nd5 67. a6 Kd6 68. Rd4 1-0

[Event "European Womens-ch 2025"]
[Site "Rhodes"]
[Date "2025.04.09"]
[Round "9.28"]
[White "Khachatryan, Anna"]
[Black "Mkrtchyan, Mariam"]
[Result "1/2-1/2"]
[Annotator "ChessBase"]
[ECO "D14"]
[WhiteElo "2091"]
[BlackElo "2282"]
[PlyCount "48"]
[EventDate "2025.03.29"]
[EventType "swiss"]
[EventCountry "GRE"]
[SourceTitle "playchess.com"]
[Source "ChessBase"]
[SourceQuality "1"]
[TimeControl "40/5400+30:1800+30"]

1. d4 d5 2. c4 c6 3. Nc3 Nf6 4. cxd5 cxd5 5. Bf4 Nc6 6. e3 Bf5 7. Bd3 Bxd3 8. Qxd3 e6 9. Nf3 Bb4 10. O-O Bxc3 11. Qxc3 O-O 12. Bg5 Ne4 13. Bxd8 Nxc3 14. Bh4 Ne4 15. Rfc1 Rfc8 16. Ne1 f6 17. Nd3 b6 18. Rc2 Ne7 19. Rac1 Rxc2 20. Rxc2 Rc8 21. Rxc8+ Nxc8 22. f3 Ned6 23. Be1 g5 24. g4 Nc4 1/2-1/2

[Event "European Womens-ch 2025"]
[Site "Rhodes"]
[Date "2025.04.09"]
[Round "9.29"]
[White "Smietanska, Wiktoria"]
[Black "Ter-Avetisjana, Agnesa Stepania"]
[Result "0-1"]
[Annotator "ChessBase"]
[ECO "B12"]
[WhiteElo "2254"]
[BlackElo "2100"]
[PlyCount "98"]
[EventDate "2025.03.29"]
[EventType "swiss"]
[EventCountry "GRE"]
[SourceTitle "playchess.com"]
[Source "ChessBase"]
[SourceQuality "1"]
[TimeControl "40/5400+30:1800+30"]

1. e4 c6 2. d4 d5 3. e5 Bf5 4. Nd2 e6 5. Nb3 Nd7 6. Nf3 Qc7 7. Be2 a6 8. Nh4 Be4 9. f3 Bg6 10. f4 Be4 11. O-O Be7 12. Nf3 h5 13. c3 Bxf3 14. Rxf3 g6 15. Bd3 Nh6 16. a4 c5 17. Bc2 Nf5 18. Kh1 O-O-O 19. dxc5 Nxc5 20. Nxc5 Bxc5 21. b4 Ba7 22. Qe2 h4 23. Bxf5 gxf5 24. Be3 Bxe3 25. Qxe3 Qc4 26. Qd4 Rhg8 27. Rd3 Qb3 28. Qf2 Rg4 29. h3 Rg3 30. Rxg3 hxg3 31. Qd2 Kb8 32. a5 Rc8 33. Rc1 Qa3 34. Kg1 Rc4 35. Kf1 d4 36. Ke2 dxc3 37. Qd6+ Rc7 38. Qd8+ Rc8 39. Qd6+ Ka8 40. Rc2 Qb3 41. Kd1 Qc4 42. Ke1 Qe4+ 43. Kd1 Qe3 44. Qd7 Qg1+ 45. Ke2 Qxg2+ 46. Ke1 Qg1+ 47. Ke2 Qf2+ 48. Kd3 Qf3+ 49. Kd4 Qe4# 0-1

[Event "European Womens-ch 2025"]
[Site "Rhodes"]
[Date "2025.04.09"]
[Round "9.30"]
[White "Schneider, Jana"]
[Black "Donghvani, Nia"]
[Result "1-0"]
[Annotator "ChessBase"]
[ECO "B45"]
[WhiteElo "2251"]
[BlackElo "2025"]
[PlyCount "39"]
[EventDate "2025.03.29"]
[EventType "swiss"]
[EventCountry "GRE"]
[SourceTitle "playchess.com"]
[Source "ChessBase"]
[SourceQuality "1"]
[TimeControl "40/5400+30:1800+30"]

1. e4 c5 2. Nf3 e6 3. d4 cxd4 4. Nxd4 Nf6 5. Nc3 Nc6 6. Bf4 Bb4 7. Ndb5 Nxe4 8. Qf3 d5 9. Nc7+ Kf8 10. Nxa8 Nd4 11. Qd3 Qf6 12. Be3 e5 13. a3 Bf5 14. axb4 Nxf2 15. Qd2 Nxh1 16. O-O-O Bxc2 17. Bxd4 Bxd1 18. Bc5+ Kg8 19. Nxd5 Qxf1 20. Ne7+ 1-0

[Event "European Womens-ch 2025"]
[Site "Rhodes"]
[Date "2025.04.09"]
[Round "9.31"]
[White "Hapala, Elisabeth"]
[Black "Fataliyeva, Ulviyya"]
[Result "0-1"]
[Annotator "ChessBase"]
[ECO "B15"]
[WhiteElo "2092"]
[BlackElo "2387"]
[PlyCount "86"]
[EventDate "2025.03.29"]
[EventType "swiss"]
[EventCountry "GRE"]
[SourceTitle "playchess.com"]
[Source "ChessBase"]
[SourceQuality "1"]
[TimeControl "40/5400+30:1800+30"]

1. e4 c6 2. d4 d5 3. Nc3 dxe4 4. Nxe4 Nf6 5. Nxf6+ exf6 6. c3 Bd6 7. Bd3 O-O 8. Qc2 Re8+ 9. Ne2 h6 10. O-O Nd7 11. Bd2 Nf8 12. Rae1 Be6 13. Bf4 Rc8 14. Bxd6 Qxd6 15. f4 c5 16. f5 Bd5 17. dxc5 Qxc5+ 18. Nd4 Re5 19. a3 Nd7 20. Qf2 Qe7 21. Re2 Nc5 22. Rxe5 fxe5 23. f6 Nxd3 24. fxe7 Nxf2 25. Nf5 Ne4 26. Rd1 Nf6 27. c4 Be6 28. Rd8+ Kh7 29. Nd6 Rc7 30. e8=Q Nxe8 31. Rxe8 b6 32. b4 Kg6 33. Kf2 Rc6 34. Rd8 f5 35. Nb5 Rxc4 36. Nxa7 Rc2+ 37. Kg1 f4 38. Rd6 Kf5 39. h3 e4 40. Nb5 Rc1+ 41. Kh2 Ke5 42. Rxb6 e3 43. Nd4 Bd5 0-1

[Event "European Womens-ch 2025"]
[Site "Rhodes"]
[Date "2025.04.09"]
[Round "9.32"]
[White "Piddubna, Bozhena"]
[Black "Guichard, Pauline"]
[Result "0-1"]
[Annotator "ChessBase"]
[ECO "E46"]
[WhiteElo "2145"]
[BlackElo "2355"]
[PlyCount "126"]
[EventDate "2025.03.29"]
[EventType "swiss"]
[EventCountry "GRE"]
[SourceTitle "playchess.com"]
[Source "ChessBase"]
[SourceQuality "1"]
[TimeControl "40/5400+30:1800+30"]

1. d4 Nf6 2. c4 e6 3. Nc3 Bb4 4. e3 O-O 5. Bd2 Re8 6. Nf3 Nc6 7. Bd3 e5 8. dxe5 Ng4 9. Qc2 h6 10. e6 dxe6 11. h3 Nge5 12. Nxe5 Nxe5 13. Be2 Qh4 14. g3 Qe7 15. a3 Bd6 16. Ne4 b6 17. f4 Ng6 18. Bf3 Rb8 19. Nxd6 cxd6 20. O-O Bb7 21. e4 Rbc8 22. Qd3 Qc7 23. Rac1 Ba6 24. b3 Ne7 25. Qe3 Qb8 26. Rfd1 b5 27. cxb5 Rxc1 28. Rxc1 Bxb5 29. Be1 Bc6 30. Bb4 Rd8 31. Qd4 Qb7 32. Bc3 f6 33. Bb4 Kh8 34. Bg2 Qa8 35. Kh2 a5 36. Bc3 Rd7 37. Rc2 Bb7 38. Rd2 e5 39. fxe5 Nc6 40. Qb6 fxe5 41. Rf2 Qg8 42. Bf1 Rf7 43. Bc4 Rxf2+ 44. Qxf2 Qc8 45. Bd2 Nd4 46. Be3 Bxe4 47. Bxd4 exd4 48. Qxd4 Qf5 49. Be2 d5 50. b4 axb4 51. axb4 Qg5 52. Qc3 Qg6 53. Qd4 Qg5 54. Qc3 Qf5 55. Qd4 Qf8 56. b5 Qa3 57. b6 Qc1 58. Bd1 Qb1 59. g4 Qa2+ 60. Kg3 Qg2+ 61. Kh4 Kh7 62. Qe3 g5+ 63. Kh5 Qxh3+ 0-1

[Event "European Womens-ch 2025"]
[Site "Rhodes"]
[Date "2025.04.09"]
[Round "9.33"]
[White "Cornileau, Juliette"]
[Black "Gaponenko, Inna"]
[Result "0-1"]
[Annotator "ChessBase"]
[ECO "B08"]
[WhiteElo "2130"]
[BlackElo "2349"]
[PlyCount "72"]
[EventDate "2025.03.29"]
[EventType "swiss"]
[EventCountry "GRE"]
[SourceTitle "playchess.com"]
[Source "ChessBase"]
[SourceQuality "1"]
[TimeControl "40/5400+30:1800+30"]

1. e4 d6 2. d4 Nf6 3. Nc3 g6 4. Nf3 Bg7 5. h3 O-O 6. Be3 c6 7. Qd2 b5 8. a3 Qc7 9. Bh6 e5 10. Bxg7 Kxg7 11. Rd1 a5 12. Bd3 b4 13. dxe5 dxe5 14. Nb1 c5 15. Qe2 Nc6 16. Nbd2 bxa3 17. bxa3 Nd4 18. Qe3 Ba6 19. c3 Nxf3+ 20. Nxf3 Bxd3 21. Rxd3 c4 22. Rd1 Rfe8 23. O-O Qc6 24. Rfe1 Rab8 25. Nd2 Rbd8 26. Qe2 Rd3 27. Nxc4 Rxc3 28. Nd6 Re6 29. Nb5 Rc4 30. Nd6 Rc2 31. Qd3 Rc3 32. Qd2 Rxa3 33. Qb2 Rc3 34. Rd2 a4 35. Red1 Rb3 36. Qc2 Rxd6 0-1

[Event "European Womens-ch 2025"]
[Site "Rhodes"]
[Date "2025.04.09"]
[Round "9.34"]
[White "Berke, Ana"]
[Black "Sliwicka, Alicja"]
[Result "0-1"]
[Annotator "ChessBase"]
[ECO "B31"]
[WhiteElo "2119"]
[BlackElo "2342"]
[PlyCount "70"]
[EventDate "2025.03.29"]
[EventType "swiss"]
[EventCountry "GRE"]
[SourceTitle "playchess.com"]
[Source "ChessBase"]
[SourceQuality "1"]
[TimeControl "40/5400+30:1800+30"]

1. e4 c5 2. Nf3 Nc6 3. Bb5 g6 4. O-O Bg7 5. c3 e5 6. b4 cxb4 7. cxb4 Nge7 8. Bb2 Nd4 9. Nxd4 exd4 10. f4 Qb6 11. Bd3 d6 12. f5 Nc6 13. f6 Bh6 14. Na3 Be6 15. Nc2 Rc8 16. Rc1 Bxa2 17. b5 Ne5 18. Bxd4 Qa5 19. Ne3 Rxc1 20. Qxc1 O-O 21. Be2 Be6 22. Qb2 Ra8 23. h4 Nd7 24. g4 Nc5 25. g5 Bf8 26. Bf3 Nb3 27. Bc3 Qxb5 28. Rb1 a5 29. Nd5 a4 30. Kg2 Bxd5 31. exd5 Qc4 32. Kg3 b5 33. Qa3 Re8 34. Qb4 Qd3 35. Kf2 Qxb1 0-1

[Event "European Womens-ch 2025"]
[Site "Rhodes"]
[Date "2025.04.09"]
[Round "9.35"]
[White "Koridze, Lile"]
[Black "Kochavi, Dana"]
[Result "0-1"]
[Annotator "ChessBase"]
[ECO "E97"]
[WhiteElo "2115"]
[BlackElo "2301"]
[PlyCount "76"]
[EventDate "2025.03.29"]
[EventType "swiss"]
[EventCountry "GRE"]
[SourceTitle "playchess.com"]
[Source "ChessBase"]
[SourceQuality "1"]
[TimeControl "40/5400+30:1800+30"]

1. d4 Nf6 2. c4 g6 3. Nc3 Bg7 4. e4 d6 5. Nf3 O-O 6. Be2 e5 7. O-O Nc6 8. Be3 Ng4 9. Bg5 f6 10. Bc1 f5 11. Bg5 Bf6 12. Bxf6 Qxf6 13. exf5 Bxf5 14. h3 Nh6 15. Nd5 Qg7 16. dxe5 Nxe5 17. Nxe5 dxe5 18. Qb3 c6 19. Ne3 Be6 20. Rad1 Rf4 21. Rd6 Qe7 22. Rfd1 Nf7 23. R6d2 h5 24. Nf1 Ng5 25. Qc3 Rxf2 26. Qg3 Rf4 27. h4 Rxh4 28. Qxe5 Re4 29. Qg3 Rf8 30. Bf3 h4 31. Qd6 Nxf3+ 32. gxf3 Qxd6 33. Rxd6 Rxf3 34. b3 Rg4+ 35. Kh2 Rf2+ 36. Kh3 Re4+ 37. Rxe6 Rxe6 38. Kxh4 Rxa2 0-1

[Event "European Womens-ch 2025"]
[Site "Rhodes"]
[Date "2025.04.09"]
[Round "9.36"]
[White "Korenova, Martina"]
[Black "Allahverdiyeva, Ayan"]
[Result "0-1"]
[Annotator "ChessBase"]
[ECO "B51"]
[WhiteElo "2045"]
[BlackElo "2266"]
[PlyCount "62"]
[EventDate "2025.03.29"]
[EventType "swiss"]
[EventCountry "GRE"]
[SourceTitle "playchess.com"]
[Source "ChessBase"]
[SourceQuality "1"]
[TimeControl "40/5400+30:1800+30"]

1. e4 c5 2. Nf3 d6 3. Bb5+ Nd7 4. O-O a6 5. Bd3 e6 6. Re1 g5 7. Kh1 g4 8. Ng1 h5 9. Bf1 Ngf6 10. c3 b5 11. d3 Bb7 12. Qc2 Qc7 13. a4 h4 14. axb5 axb5 15. Rxa8+ Bxa8 16. f4 d5 17. Na3 dxe4 18. Nxb5 Qc6 19. d4 e3 20. Rxe3 c4 21. Na3 Bxa3 22. bxa3 Nh5 23. Ne2 h3 24. Ng3 Nxf4 25. Re4 hxg2+ 26. Bxg2 Nxg2 27. Qxg2 Nf6 28. Re2 Qa6 29. Ne4 Nxe4 30. Rxe4 Bd5 31. Qxg4 Qb7 0-1

[Event "European Womens-ch 2025"]
[Site "Rhodes"]
[Date "2025.04.09"]
[Round "9.37"]
[White "Deak-Sala, Emilia"]
[Black "Wikar, Martyna"]
[Result "0-1"]
[Annotator "ChessBase"]
[ECO "A09"]
[WhiteElo "2112"]
[BlackElo "2239"]
[PlyCount "104"]
[EventDate "2025.03.29"]
[EventType "swiss"]
[EventCountry "GRE"]
[SourceTitle "playchess.com"]
[Source "ChessBase"]
[SourceQuality "1"]
[TimeControl "40/5400+30:1800+30"]

1. Nf3 c5 2. g3 Nc6 3. Bg2 Nf6 4. O-O d5 5. c4 d4 6. d3 e5 7. e3 Be7 8. exd4 exd4 9. Bf4 O-O 10. Ne5 Nxe5 11. Bxe5 Bd6 12. Bxf6 Qxf6 13. Nd2 Qh6 14. f4 Rb8 15. Ne4 Bf5 16. Qc2 Rfe8 17. Rae1 Re7 18. Qf2 Rbe8 19. Re2 Bc7 20. Rfe1 Bg4 21. Bf3 Bxf3 22. Qxf3 Qc6 23. f5 f6 24. Rf1 a6 25. g4 b5 26. b3 Rxe4 27. Rxe4 Rxe4 28. Qxe4 Qxe4 29. dxe4 b4 30. h3 Kf7 31. Kf2 a5 32. a3 bxa3 33. Ra1 Ke7 34. Rxa3 Kd6 35. Ra1 Ke5 36. Kf3 h6 37. h4 Bd8 38. Ra2 Bc7 39. Ra4 Bd8 40. Ra2 Bc7 41. g5 fxg5 42. hxg5 hxg5 43. Rh2 g4+ 44. Kxg4 d3 45. Kf3 Kd4 46. Rg2 Be5 47. Ra2 Kc3 48. Rxa5 Bd4 49. e5 Kb2 50. f6 d2 51. Ra2+ Kxa2 52. Ke2 Bxe5 0-1

[Event "European Womens-ch 2025"]
[Site "Rhodes"]
[Date "2025.04.09"]
[Round "9.38"]
[White "Caku, Kler"]
[Black "Calzetta Ruiz, Monica"]
[Result "0-1"]
[Annotator "ChessBase"]
[ECO "B35"]
[WhiteElo "2036"]
[BlackElo "2230"]
[PlyCount "92"]
[EventDate "2025.03.29"]
[EventType "swiss"]
[EventCountry "GRE"]
[SourceTitle "playchess.com"]
[Source "ChessBase"]
[SourceQuality "1"]
[TimeControl "40/5400+30:1800+30"]

1. e4 c5 2. Nf3 Nc6 3. d4 cxd4 4. Nxd4 g6 5. Nc3 Bg7 6. Be3 Nf6 7. Bc4 O-O 8. Bb3 d5 9. Nxc6 bxc6 10. exd5 cxd5 11. O-O Bb7 12. Bd4 e6 13. Qf3 Nd7 14. Bxg7 Kxg7 15. Rad1 Qf6 16. Qxf6+ Nxf6 17. Rfe1 Rfc8 18. Rd4 Bc6 19. f3 Rab8 20. Nd1 Nd7 21. c3 a5 22. Kf2 Nc5 23. Bc2 a4 24. h4 Rb6 25. h5 Rcb8 26. hxg6 hxg6 27. Rh4 Rxb2 28. Nxb2 Rxb2 29. Re2 Rxa2 30. Rb4 a3 31. Rb6 Bd7 32. Rb1 e5 33. Ke3 Be6 34. Bd3 d4+ 35. cxd4 exd4+ 36. Kxd4 Rxe2 37. Bxe2 a2 38. Re1 Nb3+ 39. Kc3 a1=Q+ 40. Rxa1 Nxa1 41. Bd1 Kf6 42. Kb2 Nb3 43. Bxb3 Bxb3 44. Kxb3 Ke5 45. Kc4 Kf4 46. Kd3 Kg3 0-1

[Event "European Womens-ch 2025"]
[Site "Rhodes"]
[Date "2025.04.09"]
[Round "9.39"]
[White "Krkyasharyan, Sona"]
[Black "Lehaci, Miruna-Daria"]
[Result "0-1"]
[Annotator "ChessBase"]
[ECO "E20"]
[WhiteElo "1989"]
[BlackElo "2212"]
[PlyCount "98"]
[EventDate "2025.03.29"]
[EventType "swiss"]
[EventCountry "GRE"]
[SourceTitle "playchess.com"]
[Source "ChessBase"]
[SourceQuality "1"]
[TimeControl "40/5400+30:1800+30"]

1. d4 e6 2. c4 Nf6 3. Nc3 Bb4 4. Nf3 c5 5. g3 Nc6 6. Bg2 Ne4 7. Bd2 Nxd2 8. Qxd2 cxd4 9. Nxd4 O-O 10. O-O Ne5 11. b3 a6 12. Nc2 Be7 13. Rfd1 Qc7 14. Rac1 d6 15. Nd4 Rb8 16. e4 Re8 17. f4 Nd7 18. Kh1 Bf8 19. Rf1 b6 20. Rce1 Bb7 21. f5 Ne5 22. Qg5 b5 23. fxe6 fxe6 24. Nce2 bxc4 25. Nf4 Nf7 26. Qh5 e5 27. Nfe6 Qe7 28. Nxf8 Qxf8 29. Nf5 g6 30. Qg4 Bc8 31. bxc4 Kh8 32. Qh4 gxf5 33. exf5 Bb7 34. Bxb7 Rxb7 35. f6 Qh6 36. Qe4 Rb2 37. Re2 Rxe2 38. Qxe2 Qg6 39. Qe3 Re6 40. Qa7 Rxf6 41. Rxf6 Qxf6 42. Kg2 Kg7 43. Qxa6 e4 44. Qb7 Qf3+ 45. Kg1 Qd1+ 46. Kf2 Qd2+ 47. Kf1 e3 48. Qf3 Ne5 49. Qb7+ Kf6 0-1

[Event "European Womens-ch 2025"]
[Site "Rhodes"]
[Date "2025.04.09"]
[Round "9.40"]
[White "Terbe, Zsuzsanna"]
[Black "Vidic, Teja"]
[Result "1/2-1/2"]
[Annotator "ChessBase"]
[ECO "D12"]
[WhiteElo "2179"]
[BlackElo "2100"]
[PlyCount "52"]
[EventDate "2025.03.29"]
[EventType "swiss"]
[EventCountry "GRE"]
[SourceTitle "playchess.com"]
[Source "ChessBase"]
[SourceQuality "1"]
[TimeControl "40/5400+30:1800+30"]

1. d4 d5 2. c4 c6 3. Nf3 Nf6 4. e3 Bf5 5. Nc3 e6 6. Nh4 Be4 7. f3 Bg6 8. Bd2 Be7 9. Nxg6 hxg6 10. Bd3 Qc7 11. g3 dxc4 12. Bxc4 a6 13. Rc1 Nbd7 14. O-O O-O 15. a3 Rad8 16. Qc2 b5 17. Ba2 c5 18. dxc5 Bxc5 19. Nxb5 Qb6 20. Nd4 Rc8 21. Qb3 Bxd4 22. exd4 Qxd4+ 23. Be3 Qe5 24. Bf4 Qd4+ 25. Be3 Qe5 26. Bf4 Qd4+ 1/2-1/2